 Dungeon Crawl Stone Soup version 0.17.1-1-g73c8601 (webtiles) character file.

157 Mysteryquy the Slasher (level 5, -9/41 HPs)
             Began as a Human Fighter on Jan 2, 2016.
             Was a Follower of Ashenzari.
             Killed by divine providence
             ... invoked by an orc priest
              (13 damage)
             ... on level 3 of the Dungeon.
             The game lasted 00:04:38 (2357 turns).

Mysteryquy the Slasher (Human Fighter)              Turns: 2357, Time: 00:04:38

Health: -9/41      AC:  7    Str: 17    XL:     5   Next: 66%
Magic:  5/5        EV:  8    Int:  9    God:    Ashenzari [*.....]
Gold:   65         SH:  9    Dex: 12    Spells: 0 memorised, 4 levels left

rFire  . . .     SeeInvis .     a - +0 long sword
rCold  . . .     Clarity  .     b - +0 scale mail
rNeg   . . .     SustAt   .     c - +0 shield
rPois  .         Gourm    .     (no helmet)
rElec  .         Spirit   .     (no cloak)
rCorr  .         Warding  .     w - +0 pair of gloves
rMut   .         Stasis   .     (no boots)
MR     .....                    (no amulet)
Stlth  ..........               (no ring)
                                (no ring)

@: not resistant to hostile enchantments, extremely unstealthy
A: no striking features
a: Scrying, Renounce Religion


You were on level 3 of the Dungeon.
You worshipped Ashenzari.
Ashenzari was aware of your devotion.
You were not hungry.

You visited 1 branch of the dungeon, and saw 3 of its levels.

You collected 65 gold pieces.

Inventory:

Hand Weapons
 a - a +0 long sword (weapon)
Armour
 b - a +0 scale mail (worn)
 c - a +0 shield (worn)
 w - a +0 pair of gloves (worn)
Jewellery
 l - an uncursed ring of positive energy
 n - an uncursed ring of protection from magic
Wands
 p - a wand of fireball (7)
 s - a wand of polymorph (20)
Scrolls
 g - 2 scrolls of identify {unknown}
 i - 2 scrolls of fog {unknown}
 j - a scroll of enchant armour {unknown}
 k - a scroll of fear {unknown}
 m - a scroll of magic mapping {unknown}
 r - 2 scrolls of recharging {unknown}
 v - a scroll of enchant weapon {unknown}
Potions
 d - a potion of might
 f - a potion of agility {unknown}
 h - a potion of resistance {unknown}
 q - a potion of curing
 t - a potion of lignification {unknown}
 u - a potion of cure mutation {unknown}
Comestibles
 e - 4 bread rations
 o - a meat ration


   Skills:
 - Level 3.0 Fighting
 + Level 4.2 Long Blades
 - Level 3.0 Armour
 - Level 3.0 Dodging
 - Level 0.2 Stealth
 - Level 3.0 Shields


You had 4 spell levels left.
You didn't know any spells.

Dungeon Overview and Level Annotations

Branches:
Dungeon (3/15)

Altars:
Ashenzari


Message History

You barely miss the orc priest.
The orc priest is lightly wounded.
The orc priest invokes the aid of Beogh against you.
Something smites you!
* * * LOW HITPOINT WARNING * * *
You hear a shout!
You closely miss the orc priest.
The orc priest is lightly wounded.
The orc priest barely misses you.
You hit the orc priest but do no damage.
The orc priest is lightly wounded.
You block the orc priest's attack. The orc priest barely misses you.
You closely miss the orc priest.
The orc priest is lightly wounded.
The orc priest barely misses you.
You closely miss the orc priest.
The orc priest is lightly wounded.
The orc priest mumbles some strange prayers to Beogh against you.
Something smites you!
You die...

.#######.....#...#
o.......##......#
......####...#...
.......##.......
.......##...).(.
####..##..##...)...
#..................
#..o.....#...###...
#.@......#...# ##..
#<...........## #..
####..........#####
####..............
##....##........###
#..#####.#.####....
#######.## #...#
###.## #.......#
###...# #...#
#.......#
##.....###.###


You could see an orc priest.

Vanquished Creatures
  2 orc wizards (D:3)
  Natasha (twice) (D:2)
  An adder (D:2)
  2 oozes (D:1)
  A worm (D:2)
  2 orcs (D:3)
  A ball python (D:1)
  6 bats
  7 goblins
  7 hobgoblins
  6 kobolds
  4 giant cockroaches
  A giant gecko (D:3)
  A giant newt (D:2)
  A quokka (D:2)
  7 rats
51 creatures vanquished.

Notes
Turn   | Place    | Note
--------------------------------------------------------------
     0 | D:1      | Mysteryquy the Human Fighter began the quest for the Orb.
     0 | D:1      | Reached XP level 1. HP: 18/18 MP: 1/1
   128 | D:1      | Reached skill level 1 in Dodging
   133 | D:1      | Reached XP level 2. HP: 13/24 MP: 2/2
   573 | D:1      | Reached XP level 3. HP: 29/29 MP: 3/3
  1112 | D:2      | Found a faded altar to an unknown god.
  1122 | D:2      | Became a worshipper of Ashenzari the Shackled
  1122 | D:2      | Reached * piety under Ashenzari
  1292 | D:2      | Noticed Natasha
  1305 | D:2      | Killed Natasha
  1305 | D:2      | Reached XP level 4. HP: 16/35 MP: 4/4
  1596 | D:2      | Noticed Natasha
  1602 | D:2      | Killed Natasha
  1871 | D:3      | Reached XP level 5. HP: 17/41 MP: 5/5
  1912 | D:3      | Reached skill level 4 in Long Blades
  2357 | D:3      | Killed from afar by an orc priest

Action                   |  1- 3 |  4- 6 || total
-------------------------+-------+-------++-------
Melee: Long sword        |   136 |   118 ||   254
  Use: Potion            |       |     1 ||     1
  Eat: Chunk             |     1 |     4 ||     5
